 Dungeon Crawl Stone Soup version 0.29-a0-307-gecccbbdb84 (webtiles) character file.

Game seed: 617347311925938405

1143 Conn the Firebug (level 8, -1/47 HPs)
             Began as an Octopode Fire Elementalist on Mar 27, 2022.
             Slain by a centaur
             ... wielding the +6 trident of Coaru {freeze, Fragile Fly rElec rC+++}
              (17 damage)
             ... on level 5 of the Dungeon.
             The game lasted 00:08:59 (3934 turns).

Conn the Firebug (Octopode Fire Elementalist)       Turns: 3934, Time: 00:09:04

Health: -1/47      AC:  1    Str:  8    XL:     8   Next: 37%
Magic:  8/16       EV: 14    Int: 25    God:
Gold:   191        SH:  0    Dex: 18    Spells: 4/18 levels left

rFire   + . .      SeeInvis .   b - staff of fire
rCold   . . .      Faith    .   e - orb {mayhem}
rNeg    . . .      Spirit   .   (helmet restricted)
rPois   .          Reflect  .   (no amulet)
rElec   .          Harm     .   f - +6 ring of dexterity
rCorr   +          Rampage  .   h - ring of resist corrosion
Will    .....                   i - +6 ring of intelligence
Stlth   ++++......              (no ring)
HPRegen 0.15/turn               (no ring)
MPRegen 0.15/turn               (no ring)
                                (no ring)
                                (no ring)

@: very slightly contaminated
A: almost no armour, amphibious, 8 rings, camouflage 1, gelatinous body 1,
(nimble swimmer 1), tentacles
a: no special abilities


You were on level 5 of the Dungeon.
You visited 1 branch of the dungeon, and saw 5 of its levels.

You collected 191 gold pieces.

Inventory:

Hand Weapons
 g - a +4 quarterstaff of chaos
Missiles
 j - 6 poisoned darts
Armour
 e - an orb of mayhem (worn)
Magical Staves
 b - a staff of fire (weapon)
Jewellery
 f - a +6 ring of dexterity (left tentacle)
 h - a ring of resist corrosion (right tentacle)
 i - a +6 ring of intelligence (on tentacle)
 l - a ring of ice
Scrolls
 p - a scroll of fog
Potions
 a - 2 potions of magic
 c - a potion of mutation {unknown}
 d - 2 potions of cancellation
 k - a potion of haste {unknown}
 m - 2 potions of flight {unknown}
 n - 2 potions of might
 o - a potion of attraction {unknown}


   Skills:
 + Level 0.7 Fighting
 + Level 0.6 Staves
 + Level 2.8 Dodging
 + Level 4.3 Stealth
 + Level 5.7 Spellcasting
 + Level 4.4 Conjurations
 + Level 5.8 Fire Magic


You had 4 spell levels left.
You knew the following spells:

 Your Spells              Type           Power      Damage    Failure   Level
a - Foxfire               Conj/Fire      100%       2x1d9     1%          1
b - Conjure Flame         Conj/Fire      49%        6-21      2%          3
c - Inner Flame           Hex/Fire       32%        N/A       7%          3
d - Flame Wave            Conj/Fire      49%        2d10      9%          4
e - Scorch                Fire           100%       2d10      1%          2
f - Freeze                Ice            28%        1d5       8%          1

Your spell library contained the following spells:

 Spells                   Type           Power      Damage    Failure   Level
 Frozen Ramparts          Ice            14%        1d3       22%         3
 Gell's Gravitas          Tloc           7%         N/A       22%         3
 Lesser Beckoning         Tloc           7%         N/A       22%         3
 Teleport Other           Tloc           7%         N/A       22%         3
 Hailstorm                Conj/Ice       18%        3d6       30%         4


Dungeon Overview and Level Annotations

Branches:
Dungeon (5/15)
 Temple: D:4-7

Altars:
Ru
Vehumet

Annotations:
D:4 Eustachio


Innate Abilities, Weirdness & Mutations

You cannot wear most types of armour.
You are amphibious.
You can wear up to eight rings at the same time.
Your skin changes colour to match your surroundings (Stealth+).
Your rubbery body absorbs attacks. (AC +1, EV +1)
((You are camouflaged when in or above water. (Stealth+)))
You have tentacles for arms and can constrict up to eight enemies at once.


Message History

The arrow barely misses you.
Casting: Scorch (safe; 1% risk of failure)
Confirm with . or Enter, or press ? or * to list all spells.
Okay, then.
An orc comes into view. It is wielding a +0 club.
An orc priest comes into view. It is wielding a +0 dagger.
Unknown command.
An orc priest comes into view. It is wielding a +0 war axe.
Okay, then.
Unknown command.
Unknown command.
Okay, then.
Unknown command.
Unknown command.
Casting: Scorch (safe; 1% risk of failure)
Confirm with . or Enter, or press ? or * to list all spells.
Casting: Flame Wave (dangerous; 9% risk of failure)
Press: ? - help, Dir - look around, f - activate You feel a surge of power!
A wave of flame ripples out! (Press . to intensify the flame waves.)
You hear a shout!
Unknown command.
A wave of flame ripples out!
The flame wave engulfs the centaur!
The centaur is moderately wounded.
The flame wave engulfs the orc priest!
The orc priest is heavily wounded.
The centaur drinks a potion.
The centaur seems to grow stronger.
The centaur unwields a +0 shortbow.
The centaur wields the +6 trident of Coaru {freeze, Fragile Fly rElec rC+++}.
It glows with a cold blue light!
The centaur hits you with the +6 trident of Coaru {freeze, Fragile Fly rElec rC+++}!
The centaur freezes you. The centaur kicks you.
A wave of flame ripples out!
The flame wave engulfs the orc priest!
You kill the orc priest!
The flame wave engulfs the centaur!
The centaur is severely wounded.
The orc priest flies into a frenzy!
You feel a bit more experienced.
You finish channelling waves of flame.
The centaur hits you with the +6 trident of Coaru {freeze, Fragile Fly rElec rC+++}!
You die...

###. .........
....# #.......#
.....##.......#
.##......5....#
........####
#.......o..#######.
##.....#.#.c.......
...#..##)##......##
.. #.. #.@#<.###..#
# #.# ##.c.## .
.......###
...##.#.# ...
...... ######. ..
..


You could see a centaur (strong) and a neutral orc priest (fast, strong,
insane).

Vanquished Creatures
  Grinder (D:5)
  Sigmund (D:3)
  A water moccasin (D:3)
  Blork the orc (D:4)
  2 scorpions
  A necrophage (D:2)
  3 hounds
  A jelly (D:5)
  An orc priest (D:5)
  Crazy Yiuf (D:3)
  Jessica (D:3)
  Natasha (thrice) (D:2)
  An iguana (D:4)
  An orc wizard (D:3)
  A hound zombie (D:2)
  2 adders (D:3)
  2 gnolls (D:2)
  An adder skeleton (D:2)
  4 orcs
  A bat zombie (D:2)
  3 endoplasms
  A giant cockroach (D:1)
  3 hobgoblins
  8 jackals
  2 quokkas
  5 ball pythons
  2 ball python skeletons (D:2)
  3 ball python zombies (D:2)
  5 bats
  3 frilled lizards
  2 goblins (D:2)
  A jackal skeleton (D:2)
  A jackal zombie (D:2)
  3 kobolds
  A quokka zombie (D:2)
  2 rats
75 creatures vanquished.

Vanquished Creatures (collateral kills)
  2 gnolls (D:2)
2 creatures vanquished.

Vanquished Creatures (others)
  297 foxfires
  A withered plant (D:2)
298 creatures vanquished.

Grand Total: 375 creatures vanquished

Notes
Turn   | Place    | Note
-------+----------+-------------------------------------------
     0 | D:1      | Conn the Octopode Fire Elementalist began the quest for the
                  | Orb.
     0 | D:1      | Reached XP level 1. HP: 11/11 MP: 3/3
   283 | D:1      | Reached XP level 2. HP: 10/17 MP: 1/5
   798 | D:1      | Found a faded altar of an unknown god.
   849 | D:1      | Learned a level 2 spell: Scorch
  1210 | D:2      | Reached XP level 3. HP: 20/21 MP: 0/6
  1279 | D:1      | Learned a level 3 spell: Conjure Flame
  1581 | D:2      | Noticed Natasha
  1585 | D:2      | Killed Natasha
  1673 | D:2      | Reached XP level 4. HP: 27/27 MP: 4/8
  1968 | D:2      | Noticed Natasha
  1972 | D:2      | Killed Natasha
  2043 | D:2      | Noticed Natasha
  2048 | D:2      | Killed Natasha
  2049 | D:2      | Reached XP level 5. HP: 31/31 MP: 4/9
  2282 | D:2      | Reached XP level 6. HP: 34/36 MP: 5/11
  2364 | D:3      | Noticed Jessica
  2368 | D:3      | Killed Jessica
  2540 | D:3      | Noticed Sigmund
  2545 | D:3      | Killed Sigmund
  2546 | D:3      | Reached XP level 7. HP: 42/42 MP: 6/13
  2643 | D:3      | Found a radiant altar of Vehumet.
  2864 | D:3      | Reached skill level 5 in Fire Magic
  2893 | D:3      | Found a sacrificial altar of Ru.
  3070 | D:3      | Found a runed translucent door.
  3071 | D:3      | Noticed Crazy Yiuf
  3085 | D:3      | Killed Crazy Yiuf
  3220 | D:4      | Noticed Blork the orc
  3231 | D:4      | Killed Blork the orc
  3238 | D:4      | Reached skill level 5 in Spellcasting
  3512 | D:4      | Noticed Eustachio
  3518 | D:5      | Entered Level 5 of the Dungeon
  3620 | D:5      | Learned a level 3 spell: Inner Flame
  3625 | D:5      | Learned a level 4 spell: Flame Wave
  3627 | D:5      | Learned a level 1 spell: Freeze
  3638 | D:5      | Reached XP level 8. HP: 42/47 MP: 8/16
  3638 | D:5      | Noticed Grinder
  3647 | D:5      | Killed Grinder
  3747 | D:5      | Identified the +6 trident of Coaru {freeze, Fragile Fly
                  | rElec rC+++}
  3934 | D:5      | Slain by a centaur

Illustrated notes

Levels and vault maps discovered:
D:1:      sevenhm_arrival_forest_fort_small_4, layout_basic,
          shapermc_ecumenical_altar_acropolis
D:2:      layout_rooms, serial_undead, serial_undead_a, serial_undead_e,
          serial_undead_e, serial_undead_c, serial_undead_c, serial_undead_d,
          uniq_natasha
D:3:      layout_rooms, nicolae_vehumet_altar_sigil, amcnicky_altar_gilded,
          uniq_crazy_yiuf_cottage, uniq_sigmund, uniq_jessica
D:4:      layout_basic, uniq_eustachio, uniq_robin, uniq_blork_the_orc
D:5:      layout_rooms, nicolae_tso_besieged_by_evil,
          minmay_temple_entry_statues_fountains, uniq_grinder

Skill      XL: |  1  2  3  4  5  6  7  8 |
---------------+-------------------------+-----
Stealth        | 3 4 |  4.3
Spellcasting   | 3 4 5 |  5.7
Fire Magic     | 4 5 |  5.8
Conjurations   | 2 3 4 |  4.4
Fighting       | |  0.7
Staves         | |  0.6
Dodging        | |  2.8

Action                   |  1- 3 |  4- 6 |  7- 9 || total
-------------------------+-------+-------+-------++-------
Melee: Staff             |    11 |     4 |    12 ||    27
       Tentacles         |     4 |       |     3 ||     7
       Constrict         |     3 |     2 |     4 ||     9
 Cast: Foxfire           |    61 |    56 |    52 ||   169
       Scorch            |       |     3 |     8 ||    11
       Conjure Flame     |       |       |     1 ||     1
       Inner Flame       |       |       |     1 ||     1
       Flame Wave        |       |       |     1 ||     1
  Use: Scroll            |       |       |     5 ||     5
 Stab: Sleeping          |     1 |     1 |       ||     2
Armor: Skin              |     1 |     1 |     2 ||     4
Dodge: Dodged            |    16 |     8 |     9 ||    33

Table legend: (Time is in decaauts)
 A = Elapsed time spent in this place.
 B = Non-inter-level travel time spent in this place.
 C = Inter-level travel time spent in this place.
 D = Time resting spent in this place.
 E = Time spent auto-exploring this place.
 F = Levels seen in this place.
 G = Mean time per level.
                   A        B        C        D        E       F      G
               +--------+--------+--------+--------+--------+-----+--------+
         Total |   3943 |   3943 |      0 |    688 |   2306 |   5 |  788.6 |
       Dungeon |   3943 |   3943 |      0 |    688 |   2306 |   5 |  788.6 |
               +--------+--------+--------+--------+--------+-----+--------+

Top non-repeatable levels by time:
     D:2: 1231 daAuts
     D:1: 1211 daAuts
     D:3: 928 daAuts
     D:5: 414 daAuts
     D:4: 158 daAuts
